 Dungeon Crawl Stone Soup version 0.31.0-9-g3a7656b989 (webtiles) character file.

Game seed: 12185517255581322934

510 qw the Shooter (level 6, -7/32 HPs)
             Began as a Spriggan Hunter on Feb 2, 2024.
             Mangled by a hornet (11 damage)
             ... on level 5 of the Dungeon.
             The game lasted 00:01:08 (3092 turns).

qw the Shooter (Spriggan Hunter)                    Turns: 3092, Time: 00:01:08

Health: -7/32      AC:  1    Str:  7    XL:     6   Next: 98%
Magic:  7/7        EV: 21    Int: 16    God:
Gold:   236        SH:  0    Dex: 19    Spells: 5/5 levels left

rFire   . . .        a - +0 shortbow (flame)
rCold   x . .        (shield currently unavailable)
rNeg    + . .        c - +0 robe
rPois   .            (helmet restricted)
rElec   .            o - scarf {repulsion}
rCorr   +            (gloves unavailable)
SInv    +            (boots unavailable)
Will    ++...        k - amulet of faith
Stlth   ++           d - ring of willpower
HPRegen 0.25/turn    e - ring "Zoco" {rC- rN+ rCorr Int+6 Slay+3}
MPRegen 0.10/turn

%: repel missiles, faith
@: lethally poisoned (-7 -> -9), about to teleport, slowed, quick
A: very small, no large weapons, unfitting armour, see invisible, speed 3,
clumsy 1, deformed body, sense surroundings 1
a: no special abilities


You were on level 5 of the Dungeon.
You visited 1 branch of the dungeon, and saw 5 of its levels.

You collected 236 gold pieces.


Innate Abilities, Weirdness & Mutations

You are very small and have problems with some larger weapons.
You are too small for most types of armour.
You have supernaturally acute eyesight. (SInv)
You cover ground extremely quickly. (Speed+++)
You are clumsy. (Dex -2)
Armour fits poorly on your strangely shaped body.
You passively map a small area around you.


   Skills:
 - Level 2.4 Fighting
 + Level 6.9 Ranged Weapons
 - Level 6.0 Dodging
 - Level 1.5 Stealth


You had 5 spell levels left.
You didn't know any spells.
Your spell library was empty.

Inventory:

Hand Weapons
 a - a +0 shortbow of flaming (weapon)
Armour
 c - a +0 robe (worn)
 o - a scarf of repulsion (worn)
Jewellery
 b - a ring of resist corrosion
 d - a ring of willpower (left hand)
 e - the ring "Zoco" (right hand) {rC- rN+ rCorr Int+6 Slay+3}
   (You acquired it on level 1 of the Dungeon)

   [ring of resist corrosion]

   Int+6:     It affects your intelligence (+6).
   Slay+3:    It affects your accuracy & damage with ranged weapons and melee
   (+3).
   rC-:       It makes you vulnerable to cold.
   rN+:       It protects you from negative energy.
   rCorr:     It protects you from acid and corrosion.
 k - an amulet of faith (around neck)
Scrolls
 q - a scroll of identify
Potions
 f - a potion of attraction {unknown}
 g - a potion of ambrosia {unknown}
 h - a potion of curing {unknown}
 i - 3 potions of mutation
 j - a potion of degeneration {unknown}
 m - a potion of heal wounds {unknown}
 n - a potion of haste {unknown}
 p - a potion of cancellation {unknown}

Dungeon Overview and Level Annotations

Branches:
Dungeon (5/15)
 Temple: D:4-7

Altars:


Message History

The arrow burns the water moccasin.
The water moccasin is moderately wounded.
The water moccasin barely misses you. The water moccasin closely misses you.
You shoot an arrow. The arrow hits the water moccasin.
The arrow burns the water moccasin.
The water moccasin is severely wounded.
The water moccasin completely misses you.
You shoot an arrow. The arrow hits the water moccasin!
The arrow burns the water moccasin.
You kill the water moccasin!
You shoot an arrow. The arrow misses the hornet.
The hornet completely misses you. The hornet stings you.
You are poisoned.
You feel yourself slow down.
You shoot an arrow. The arrow hits the hornet.
The arrow burns the hornet.
The hornet is lightly wounded.
You feel very sick. The hornet barely misses you. The hornet stings you.
You are more poisoned.
You feel as though you will be slow longer.
You shoot an arrow. The arrow closely misses the hornet.
You feel very sick. The hornet closely misses you. The hornet misses you.
The hornet barely misses you.
You shoot an arrow. The arrow hits the hornet.
The arrow burns the hornet.
The hornet is moderately wounded.
You feel very sick. The hornet barely misses you. The hornet misses you.
You shoot an arrow. The arrow misses the hornet.
You feel yourself speed up.
You feel very sick. The hornet misses you. The hornet completely misses you.
3091 ||| READING scroll of teleportation.
As you read the scroll of teleportation, it crumbles to dust.
You feel strangely unstable.
You feel sick. The hornet barely misses you. The hornet stings you.
You feel yourself slow down.
You shoot an arrow. The arrow misses the hornet.
You feel sick. The hornet stings you!
You die...

#......# #.# * ##.####.# *
#.##...# #(# #, #.# #.#
........# #.# #. ###.# #.#
###.#....# #.# #.##...####.#
#......####.# ####...........#
.............,..........######
####.######.. #######.### #.
.......#########.# ** *
#..y@...%..).# #.############
# ,* * *


You could see a hornet.

Vanquished Creatures
  A water moccasin (D:5)
  2 scorpions
  A bombardier beetle (D:5)
  An orc priest (D:3)
  2 iguanas
  An orc wizard (D:3)
  4 gnolls (D:2)
  2 adders
  4 ufetubi (D:5)
  A dart slug (D:1)
  2 ribbon worms
  9 orcs
  5 endoplasms
  2 giant cockroaches (D:1)
  4 hobgoblins
  6 jackals
  3 quokkas
  4 ball pythons
  8 bats
  6 frilled lizards
  A goblin (D:2)
  5 kobolds
  2 rats
76 creatures vanquished.

Notes
Turn   | Place    | Note
-------+----------+-------------------------------------------
     0 | D:1      | qw the Spriggan Hunter began the quest for the Orb.
     0 | D:1      | Reached XP level 1. HP: 10/10 MP: 2/2
     0 | D:1      | 0 ||| qw: Version: 0.3-a-155-g5e7d8dd
     0 | D:1      | 0 ||| qw: Game counter: 2868
     0 | D:1      | 0 ||| qw: Melee chars always use a shield: true
     0 | D:1      | 0 ||| qw: God list: Okawaru
     0 | D:1      | 0 ||| qw: Allow faded altars: false
     0 | D:1      | 0 ||| qw: Do Orc after clearing Dungeon:15 true
     0 | D:1      | 0 ||| qw: Do second Lair branch before Depths: true
     0 | D:1      | 0 ||| qw: Lair rune preference: random
     0 | D:1      | 0 ||| qw: Goals: Normal
     0 | D:1      | 0 ||| PLANNING D:1-11
    55 | D:1      | Reached skill level 3 in Dodging
    98 | D:1      | Reached XP level 2. HP: 11/14 MP: 3/3
   520 | D:1      | 520 ||| UPGRADING to amulet of faith.
   525 | D:1      | 525 ||| UPGRADING to ring of willpower.
   526 | D:1      | 526 ||| READING scroll labelled OFERURRIROR.
   527 | D:1      | 527 ||| READING scroll labelled NUBUUPL KA HAUN.
   527 | D:1      | 527 ||| BRANDING +0 shortbow.
   528 | D:1      | 528 ||| READING scroll labelled MICHOITR WEMU.
   528 | D:1      | Identified a scroll of acquirement
   528 | D:1      | 528 ||| ACQUIRING ring "Zoco" {rC- rN+ rCorr Int+6 Slay+3}
   528 | D:1      | Acquired the ring "Zoco" {rC- rN+ rCorr Int+6 Slay+3}
   530 | D:1      | 530 ||| UPGRADING to ring "Zoco" {rC- rN+ rCorr Int+6
                  | Slay+3}.
   531 | D:1      | 531 ||| READING scroll labelled MOTERH JAGEDOF.
   536 | D:1      | 536 ||| READING scroll labelled CEOROD ZAYPN.
   537 | D:1      | 537 ||| DROPPING scroll of butterflies.
   590 | D:2      | Reached XP level 3. HP: 18/18 MP: 4/4
   698 | D:2      | 698 ||| RETREEEEATING.
   708 | D:2      | 708 ||| FLEEEEING.
   709 | D:2      | 709 ||| FLEEEEING.
   710 | D:2      | 710 ||| FLEEEEING.
   711 | D:2      | 711 ||| FLEEEEING.
   712 | D:2      | 712 ||| FLEEEEING.
   713 | D:2      | 713 ||| FLEEEEING.
   715 | D:2      | 715 ||| FLEEEEING.
   716 | D:2      | 716 ||| FLEEEEING.
   717 | D:2      | 717 ||| FLEEEEING.
   718 | D:2      | 718 ||| FLEEEEING.
   719 | D:2      | 719 ||| FLEEEEING.
   720 | D:2      | 720 ||| FLEEEEING.
   721 | D:2      | 721 ||| FLEEEEING.
   726 | D:2      | 726 ||| FLEEEEING.
   727 | D:2      | 727 ||| FLEEEEING.
   728 | D:2      | 728 ||| FLEEEEING.
   729 | D:2      | 729 ||| FLEEEEING.
   730 | D:2      | 730 ||| FLEEEEING.
   731 | D:2      | 731 ||| FLEEEEING.
   732 | D:2      | 732 ||| FLEEEEING.
   733 | D:2      | 733 ||| FLEEEEING.
   734 | D:2      | 734 ||| FLEEEEING.
   735 | D:2      | 735 ||| FLEEEEING.
   736 | D:2      | 736 ||| FLEEEEING.
   737 | D:2      | 737 ||| FLEEEEING.
   738 | D:2      | 738 ||| FLEEEEING.
   739 | D:2      | 739 ||| FLEEEEING.
   748 | D:2      | Reached XP level 4. HP: 21/22 MP: 5/5
  1207 | D:2      | 1207 ||| UPGRADING to scarf of repulsion.
  1212 | D:2      | 1212 ||| READING 2 scrolls labelled BOFODA FOXUKK.
  1213 | D:2      | 1213 ||| READING scroll labelled KATYWNE QAPH.
  1214 | D:2      | 1214 ||| READING scroll labelled ZUN PEUREESK.
  1214 | D:2      | 1214 ||| IDENTIFYING smoky red potion
  1215 | D:2      | 1215 ||| DRINKING 2 fuming sapphire potions.
  1215 | D:2      | Gained mutation: Armour fits poorly on your strangely
                  | shaped body. [potion of mutation]
  1215 | D:2      | Gained mutation: You are clumsy. (Dex -2) [potion of
                  | mutation]
  1215 | D:2      | Gained mutation: You passively map a small area around you.
                  | [potion of mutation]
  1216 | D:2      | 1216 ||| DROPPING potion of berserk rage.
  1217 | D:2      | 1217 ||| DROPPING scroll of amnesia.
  1338 | D:3      | HP: 3/23 [orc wizard/+0 dagger (3)]
  1339 | D:3      | HP: 1/23 [orc wizard/+0 dagger (3)]
  1342 | D:3      | Reached XP level 5. HP: 1/27 MP: 6/6
  2094 | D:3      | 2094 ||| READING scroll labelled PEGISHR LABOXAM.
  2095 | D:3      | 2095 ||| READING scroll labelled ICUORIDWAWO.
  2405 | D:4      | 2405 ||| READING scroll of brand weapon.
  2405 | D:4      | 2405 ||| BRANDING +0 shortbow of chaos.
  2727 | D:5      | Entered Level 5 of the Dungeon
  2730 | D:5      | 2730 ||| STAIRDANCE
  2735 | D:4      | Reached skill level 6 in Ranged Weapons
  2739 | D:5      | Reached XP level 6. HP: 25/32 MP: 7/7
  2744 | D:5      | 2744 ||| STAIRDANCE
  2916 | D:5      | Reached skill level 6 in Dodging
  3077 | D:5      | Noticed a hornet
  3078 | D:5      | Noticed a water moccasin
  3079 | D:5      | 3079 ||| RETREEEEATING.
  3085 | D:5      | Killed a water moccasin
  3090 | D:5      | HP: 8/32 [poisoned by a hornet]
  3091 | D:5      | 3091 ||| READING scroll of teleportation.
  3092 | D:5      | Mangled by a hornet

Levels and vault maps discovered:
D:1:      lemuel_arrival_cross, layout_basic
D:2:      layout_loops_ring, wander_ebering_terrifying_dragon_lair
D:3:      layout_basic, minivault_19, dreamdust_princess_corridor
D:4:      layout_basic
D:5:      layout_loops_ring

Skill      XL: |  1  2  3  4  5  6 |
---------------+-------------------+-----
Dodging        | 3 4 5 6 |  6.0
Ranged Weapons | 5 6 |  6.9
Fighting       | 2 |  2.4
Stealth        | |  1.5

Action                     |  1- 3 |  4- 6 || total
---------------------------+-------+-------++-------
   Fire: Shortbow          |    81 |   128 ||   209
    Use: Scroll            |     5 |     7 ||    12
         Potion            |       |     1 ||     1
 Armour: Robe              |    11 |    23 ||    34
  Dodge: Dodged            |    30 |    52 ||    82

Table legend:
 A = Non-vault XP
 B = Vault XP
 C = Vault XP percentage of total XP
 D = Non-vault monster count
 E = Vault monster count
 F = Vault count percentage of total count
                 A         B        C        D         E       F
            +---------+---------+-------+---------+---------+-------
      Total |     728 |       1 |   0.1 |      75 |       1 |   1.3
            +---------+---------+-------+---------+---------+-------
        D:1 |      37 |       0 |   0.0 |      23 |       0 |   0.0
        D:2 |      71 |       1 |   1.4 |      15 |       1 |   6.2
        D:3 |     107 |       0 |   0.0 |      10 |       0 |   0.0
        D:4 |     150 |       0 |   0.0 |      12 |       0 |   0.0
        D:5 |     363 |       0 |   0.0 |      15 |       0 |   0.0
            +---------+---------+-------+---------+---------+-------
